 Dungeon Crawl Stone Soup version 0.28.0-53-g5a82cb258f (webtiles) character file.

Game seed: 14700187875009202930

69 PentaManta the Cutter (level 4, 0/28 HPs)
             Began as a Kobold Abyssal Knight on June 18, 2022.
             Was a Believer of Lugonu.
             Slain by Crazy Yiuf
             ... wielding a +4 quarterstaff of chaos
              (3 damage)
             ... on level 2 of the Dungeon.
             The game lasted 00:03:56 (3169 turns).

PentaManta the Cutter (Kobold Abyssal Knight)       Turns: 3169, Time: 00:03:57

Health: 0/28       AC:  6    Str: 10    XL:     4   Next: 42%
Magic:  5/5        EV: 14    Int: 13    God:    Lugonu [**....]
Gold:   76         SH:  0    Dex: 15    Spells: 3/3 levels left

rFire   . . .      SeeInvis .   a - +1 short sword
rCold   . . .      Faith    .   (no shield)
rNeg    . . .      Spirit   .   k - +0 ring mail
rPois   .          Reflect  .   (no helmet)
rElec   .          Harm     .   (no cloak)
rCorr   .          Rampage  .   i - +0 pair of gloves
Will    .....                   (no boots)
Stlth   ++........              (no amulet)
HPRegen 0.09/turn               (no ring)
MPRegen 0.09/turn               (no ring)

@: lethally poisoned (0 -> -8)
A: small, no large weapons, nightstalker 3
a: Renounce Religion, Depart the Abyss, Bend Space


You were on level 2 of the Dungeon.
You worshipped Lugonu.
Lugonu was pleased with you.
You visited 1 branch of the dungeon, and saw 2 of its levels.
You visited the Abyss 1 time.

You collected 76 gold pieces.

Inventory:

Hand Weapons
 a - a +1 short sword (weapon)
 c - a +0 dagger
 f - a +0 hunting sling
Missiles
 h - 68 stones
 n - 22 arrows
 o - 30 bolts
Armour
 b - a +0 leather armour
 i - a +0 pair of gloves (worn)
 k - a +0 ring mail (worn)
Wands
 g - a wand of flame (27)
Scrolls
 e - a scroll of blinking {unknown}
Potions
 d - a potion of heal wounds {unknown}
 j - a potion of brilliance {unknown}
 l - a potion of curing {unknown}
 m - a potion of might {unknown}
 p - a potion of cancellation {unknown}


   Skills:
 - Level 3.2 Fighting
 + Level 4.4 Short Blades
 - Level 0.7 Armour
 + Level 4.0 Dodging
 - Level 0.6 Stealth
 - Level 2.0 Invocations


You had 3 spell levels left.
You didn't know any spells.
Your spell library contained the following spells:

 Spells                   Type           Power      Damage    Failure   Level
 Corpse Rot               Necr/Air       0%         N/A       77%         2
 Poisonous Vapours        Pois/Air       0%         N/A       77%         2


Dungeon Overview and Level Annotations

Branches:
Dungeon (2/15)

Altars:

Annotations:
D:2 Crazy Yiuf


Innate Abilities, Weirdness & Mutations

You are small and have problems with some larger weapons.
You are completely attuned to the shadows.


Message History

You completely miss the goblin. The goblin closely misses you.
You hit the goblin.
The goblin is moderately wounded.
The goblin barely misses you.
You hit the goblin.
The goblin is heavily wounded.
The goblin hits you but does no damage.
You hit the goblin.
You kill the goblin!
Lugonu accepts your kill.
No target in view!
Found a faded altar of an unknown god.
h - 68 stones (gained 20)
Things that are here:
a +0 dagger; a +0 hunting sling; a goblin corpse
p - a black potion You see here a +0 club.
You see here a +0 short sword.
You open the door.
There is an open translucent door here.
Crazy Yiuf barely misses you.
You hit Crazy Yiuf.
Crazy Yiuf is lightly wounded.
You hit Crazy Yiuf.
Crazy Yiuf is moderately wounded.
Crazy Yiuf grits, "Scoff stair King!"
Crazy Yiuf hits you with a +4 quarterstaff of chaos.
You are poisoned.
You hit Crazy Yiuf but do no damage.
Crazy Yiuf is moderately wounded.
You feel sick.
Crazy Yiuf hits you with a +4 quarterstaff of chaos!
Crazy Yiuf burns you.
You hit Crazy Yiuf.
Crazy Yiuf is heavily wounded.
You feel sick.
Crazy Yiuf hits you with a +4 quarterstaff of chaos.
* * * LOW HITPOINT WARNING * * *
Crazy Yiuf burns you.
You die...

#.# ♣..P.♣
#...........
..# ♣♣P..♣
#####.......
### ♣♣.♣♣
##........
♣♣.♣
#.......##
♣.♣♣
#.......#
♣♣.♣
#.......#
♣.♣♣
##.....##
##'##
#.......#
#.@.#
#.......#
#.g.#
#.......#
#)..#
##.....##
#####
##...##
#####


You could see Crazy Yiuf.

Vanquished Creatures
  2 adders (D:2)
  A worm (D:2)
  3 dart slugs (D:1)
  4 endoplasms
  A giant cockroach (D:2)
  8 goblins
  4 hobgoblins
  5 jackals (D:2)
  3 quokkas
  3 ball pythons
  2 bats (D:1)
  A kobold (D:2)
37 creatures vanquished.

Notes
Turn   | Place    | Note
-------+----------+-------------------------------------------
     0 | Abyss:1  | PentaManta the Kobold Abyssal Knight began the quest for
                  | the Orb.
     0 | Abyss:1  | Reached XP level 1. HP: 14/14 MP: 2/2
    10 | D:1      | Escaped the Abyss
   260 | D:1      | Reached XP level 2. HP: 11/19 MP: 3/3
  1485 | D:1      | Reached XP level 3. HP: 23/23 MP: 4/4
  2449 | D:2      | Found a runed translucent door.
  2452 | D:2      | Noticed Crazy Yiuf
  2484 | D:2      | Reached XP level 4. HP: 21/28 MP: 5/5
  2794 | D:2      | Reached ** piety under Lugonu
  3072 | D:2      | Found a faded altar of an unknown god.
  3169 | D:2      | Slain by Crazy Yiuf

Illustrated notes

Levels and vault maps discovered:
D:1:      dpeg_arrival_round_b, layout_basic
D:2:      layout_rooms, shapermc_ecumenical_altar_petra, uniq_crazy_yiuf_cottage

Skill      XL: |  1  2  3  4 |
---------------+-------------+-----
Short Blades   | 3 4 |  4.4
Dodging        | 3 4 |  4.0
Fighting       | |  3.2
Armour         | |  0.7
Stealth        | |  0.6
Invocations    | |  2.0

Action                   |  1- 3 |  4- 6 || total
-------------------------+-------+-------++-------
Melee: Short sword       |    88 |    37 ||   125
       Dagger            |    27 |       ||    27
       Punch             |     2 |       ||     2
 Stab: Sleeping          |     5 |     2 ||     7
Armor: Leather armour    |    24 |       ||    24
       Ring mail         |       |     4 ||     4
Dodge: Dodged            |    82 |    20 ||   102
